 Dungeon Crawl Stone Soup version 0.27-a0-972-gd1521fd518 (webtiles) character file.

Game seed: 5141776052465089435

98 tardwrangler69 the Digger (level 4, -5/33 HPs)
             Began as a Draconian Earth Elementalist on Apr 13, 2021.
             Slain by an orc priest
             ... wielding a +0 hand axe
              (7 damage)
             ... on level 3 of the Dungeon.
             The game lasted 00:02:03 (3914 turns).

tardwrangler69 the Digger (DrEE)                    Turns: 3914, Time: 00:02:04

Health: -5/33      AC:  5    Str: 11    XL:     4   Next: 44%
Magic:  1/8        EV: 11    Int: 16    God:
Gold:   108        SH:  3    Dex: 11    Spells: 7/8 levels left

rFire    . . .     SeeInvis .   c - +0 dagger
rCold    . . .     Faith    .   h - +0 buckler
rNeg     . . .     Spirit   .   (armour unavailable)
rPois    .         Reflect  .   (helmet restricted)
rElec    .         Harm     .   (no cloak)
rCorr    .         Rampage  .   (no gloves)
Will     .....                  (no boots)
Stlth    ++........             (no amulet)
HPRegen  0.11/turn              (no ring)
MPRegen  0.11/turn              (no ring)

@: no status effects
A: AC +5, unfitting armour, cold-blooded
a: no special abilities


You were on level 3 of the Dungeon.
You visited 1 branch of the dungeon, and saw 3 of its levels.

You collected 108 gold pieces.

Inventory:

Hand Weapons
 c - a +0 dagger (weapon)
Missiles
 b - 153 stones
Armour
 h - a +0 buckler (worn)
Wands
 i - a wand of charming (13)
Scrolls
 d - a scroll of identify {unknown}
 e - a scroll of enchant weapon {unknown}
 f - 3 scrolls of brand weapon {unknown}
 g - a scroll of fear {unknown}
 j - 2 scrolls of noise {unknown}
 l - a scroll of summoning {unknown}
 m - a scroll of vulnerability {unknown}
 o - 2 scrolls of teleportation {unknown}
Potions
 a - a potion of mutation {unknown}
 k - a potion of attraction {unknown}
 n - a potion of curing {unknown}


   Skills:
 - Level 1.7 Dodging
 - Level 1.7 Stealth
 + Level 1.1 Shields
 + Level 2.8 Spellcasting
 - Level 1.0 Transmutations
 * Level 4.5 Earth Magic


You had 7 spell levels left.
You knew the following spells:

 Your Spells              Type           Power      Damage    Failure   Level
a - Sandblast             Erth           32%        2d9       4%          1

Your spell library contained the following spells:

 Spells                   Type           Power      Damage    Failure   Level
 Passwall                 Tmut/Erth      9%         N/A       14%         2
 Stone Arrow              Conj/Erth      18%        3d8       32%         3
 Petrify                  Tmut/Erth      11%        N/A       65%         4
 Lee's Rapid Deconstruct  Erth           8%         3d8*      77%         5


Dungeon Overview and Level Annotations

Branches:
Dungeon (3/15)

Altars:
Ashenzari

Shops:
D:2 [


Innate Abilities, Weirdness & Mutations

Your plain brown scales are hard. (AC +5)
You cannot fit into any form of body armour.
You are cold-blooded and may be slowed by cold attacks.


Message History

You barely resist. The orc misses you.
Your magical contamination has completely faded away.
Casting: Sandblast (safe; 4% risk of failure)
Confirm with . or Enter, or press ? or * to list all spells.
You don't have enough magic to cast this spell.
You barely miss the orc priest.
The orc priest is severely wounded.
The orc priest hits you with a +0 hand axe.
The orc closely misses you.
You barely miss the orc priest.
The orc priest is severely wounded.
The orc priest hits you with a +0 hand axe.
The orc misses you.
You hit the orc priest.
The orc priest is almost dead.
The orc priest mumbles some strange prayers to Beogh against you.
Beogh smites you!
* * * LOW HITPOINT WARNING * * *
The orc misses you.
You barely miss the orc priest.
You tail-slap the orc priest, but do no damage.
The orc priest is almost dead.
The orc priest begins to cast a cantrip, but forgets the words!
The orc hits you but does no damage.
You hit the orc priest.
The orc priest is almost dead.
The orc priest hits you but does no damage.
The orc barely misses you.
The orc priest looks encouraged for a moment.
You completely miss the orc priest.
The orc priest is almost dead.
The orc hits you with a +0 club.
* * * LOW HITPOINT WARNING * * *
The orc priest closely misses you.
You closely miss the orc priest.
The orc priest is almost dead.
The orc hits you with a +0 club.
* * * LOW HITPOINT WARNING * * *
The orc priest hits you with a +0 hand axe!
You die...

.#.###.####### #.....# #.....
.............. #o....# #.)...
.....#...##### #o....# #.....
.....+...# +.o...# #.....
.).#.#...# #o....# #.....
.#.#.#...# #.....# #.....
.#.#.#...# #.....# #.....
.....##############)....####.....
............<...@o)..............
.................o.###.####.###..
........##########.# #.# #.###..
.##.##..# #..##.# #......
..####..#### ####.##.####.##...
#..........+ ..............#.#.
..#####..### ####..#.####..#.#.
.## #.†# ........# #..#.#. .#
#..# #####...# #..#.#.


You could see an orc priest and an orc.

Vanquished Creatures
  5 adders
  A worm (D:2)
  2 dart slugs (D:3)
  3 orcs (D:3)
  4 ball pythons
  5 bats
  3 endoplasms
  4 goblins
  5 hobgoblins
  4 kobolds
  2 quokkas
  3 frilled lizards (D:1)
  4 rats
45 creatures vanquished.

Notes
Turn   | Place    | Note
-------+----------+-------------------------------------------
     0 | D:1      | tardwrangler69 the Draconian Earth Elementalist began the
                  | quest for the Orb.
     0 | D:1      | Reached XP level 1. HP: 14/14 MP: 3/3
   672 | D:1      | Reached XP level 2. HP: 8/20 MP: 1/5
  1487 | D:2      | Found Xyabioge's Antique Armour Emporium.
  1501 | D:2      | Found a broken altar of Ashenzari.
  1723 | D:2      | Reached XP level 3. HP: 26/26 MP: 3/6
  1820 | D:2      | Found a faded altar of an unknown god.
  2104 | D:2      | Reached skill level 4 in Earth Magic
  2872 | D:3      | Reached XP level 4. HP: 16/33 MP: 5/8
  3213 | D:3      | Reached skill level 1 in Shields
  3914 | D:3      | Slain by an orc priest

Illustrated notes

Levels and vault maps discovered:
D:1:      eino_arrival_tree_alley, layout_rooms, serial_co_window_serial,
          co_window_paths_a, co_window_paths_a, co_window_corner_a,
          co_window_paths_a, co_window_paths_a, co_window_of_opportunity_c,
          co_window_corner_cb, co_window_broadway_c, co_window_broadway_c,
          co_window_of_opportunity_b, co_window_2corner, co_window_paths_c,
          glass_columns_a, glass_columns_c, glass_columns_a, glass_columns_a,
          glass_columns_c
D:2:      layout_loops_corners, serial_shops, shop_fountains,
          hellmonk_ecumenical_altar_run_dry, basic_altar,
          kennysheep_generic_room_4
D:3:      layout_basic, minmay_misc_feat_tower

Skill      XL: |  1  2  3  4 |
---------------+-------------+-----
Earth Magic    | 4 |  4.5
Shields        | 1 |  1.1
Dodging        | |  1.7
Stealth        | |  1.7
Spellcasting   | |  2.8
Transmutations | |  1.0

Action                   |  1- 3 |  4- 6 || total
-------------------------+-------+-------++-------
Melee: Unarmed           |    52 |       ||    52
       Dagger            |   102 |    62 ||   164
       Tailslap          |    14 |     8 ||    22
 Cast: Sandblast         |     8 |    15 ||    23
 Stab: Sleeping          |     5 |     1 ||     6
Armor: Skin              |    51 |    22 ||    73
Dodge: Dodged            |   103 |    36 ||   139
Block: Buckler           |     2 |     6 ||     8

Table legend: (Time is in decaauts)
 A = Elapsed time spent in this place.
 B = Non-inter-level travel time spent in this place.
 C = Inter-level travel time spent in this place.
 D = Time resting spent in this place.
 E = Time spent auto-exploring this place.
 F = Levels seen in this place.
 G = Mean time per level.
                   A        B        C        D        E       F      G
               +--------+--------+--------+--------+--------+-----+--------+
         Total |   3921 |   3861 |     60 |      0 |   3408 |   3 | 1307.0 |
       Dungeon |   3921 |   3861 |     60 |      0 |   3408 |   3 | 1307.0 |
               +--------+--------+--------+--------+--------+-----+--------+

Top non-repeatable levels by time:
     D:1: 1489 daAuts
     D:2: 1262 daAuts
     D:3: 1170 daAuts
